TOP OF THE 1ST |
Penquannock Overrated Jeter batting - Pitching for Rio Grande Rattlesnake : RHP Chris Carpenter
|
Pitching: RHP Chris Carpenter
|
|
Batting: SHB Bob Noble
|
0-0: Called Strike 0-1: Ground out 1-3 (Groundball, 15S)
|
Batting: LHB Roberto Trujillo
|
0-0: Ball 1-0: Ball 2-0: Ball 3-0: Base on Balls
|
Batting: LHB Ron Robinson
|
0-0: Foul Ball, location: 2F 0-1: Called Strike 0-2: Fly out, F5 (Popup, 5SF)
|
Batting: LHB Pete Weber
|
0-0: Ball 1-0: Ball 2-0: Ball 3-0: Called Strike 3-1: SINGLE (Line Drive, 7S) Roberto Trujillo to second
|
Batting: LHB Tony Green
|
0-0: SINGLE (Flyball, 9S) Roberto Trujillo to third Pete Weber to second
|
Batting: RHB Tim Hanson
|
0-0: Ball 1-0: Called Strike 1-1: Ball 2-1: Ball 3-1: Foul Ball, location: 2F 3-2: Fly out, F7 (Flyball, 78XD)
|
Top of the 1st over - 0 run(s), 2 hit(s), 0 error(s), 3 left on base; Penquannock 0 - Rio Grande 0 |
BOTTOM OF THE 1ST |
Rio Grande Rattlesnake batting - Pitching for Penquannock Overrated Jeter : LHP Héctor Díaz
|
Pitching: LHP Héctor Díaz
|
|
Batting: RHB Doug Delaney
|
0-0: Called Strike 0-1: Ball 1-1: Ball 2-1: Foul Ball, location: 2F 2-2: Ball 3-2: Foul Ball, location: 2F 3-2: Fly out, F8 (Flyball, 8RM)
|
Batting: RHB Juan López
|
0-0: Ground out 3-1 (Groundball, 34)
|
Batting: SHB Douglas Taylor
|
0-0: Ball 1-0: Ball 2-0: Ball 3-0: Base on Balls
|
Batting: RHB Max Jones
|
0-0: Called Strike 0-1: Foul Ball, location: 2F 0-2: Fly out, F6 (Line Drive, 56D)
|
Bottom of the 1st over - 0 run(s), 0 hit(s), 0 error(s), 1 left on base; Penquannock 0 - Rio Grande 0 |
TOP OF THE 2ND |
Penquannock Overrated Jeter batting - Pitching for Rio Grande Rattlesnake : RHP Chris Carpenter
|
Batting: RHB Armando Pagán
|
0-0: Foul Ball, location: 2F 0-1: Ball 1-1: Ball 2-1: Fly out, F9 (Popup, 89S)
|
Batting: RHB Barton Frazier
|
0-0: SOLO HOME RUN (Flyball, 7D), Distance : 351 ft
|
Batting: LHB Dave Pitts
|
0-0: Fly out, F7 (Flyball, 78M)
|
Batting: SHB Bob Noble
|
0-0: Fly out, F7 (Flyball, 7LM)
|
Top of the 2nd over - 1 run(s), 1 hit(s), 0 error(s), 0 left on base; Penquannock 1 - Rio Grande 0 |
BOTTOM OF THE 2ND |
Rio Grande Rattlesnake batting - Pitching for Penquannock Overrated Jeter : LHP Héctor Díaz
|
Batting: RHB Hollis Wood
|
0-0: Foul Ball, location: 2F 0-1: Fly out, F8 (Flyball, 8LD)
|
Batting: RHB Joe Courtier
|
0-0: Ball 1-0: Foul Ball, location: 2F 1-1: Ground out 1-3 (Groundball, 13)
|
Batting: RHB Jeff Bane
|
0-0: DOUBLE (Flyball, 7LM)
|
Batting: RHB Maresuke Yoshida
|
0-0: Swinging Strike 0-1: Ball 1-1: Ball 2-1: Foul Ball, location: 2F 2-2: SINGLE (Flyball, 9LM) Jeff Bane to third Runner from 3rd tries for Home, SAFE, no throw or cutoff
|
Batting: SHB Jeremy Holmes
|
0-0: Ball 1-0: Called Strike 1-1: Called Strike 1-2: Ball 2-2: Fly out, F2 (Popup, 2LF)
|
Bottom of the 2nd over - 1 run(s), 2 hit(s), 0 error(s), 1 left on base; Penquannock 1 - Rio Grande 1 |
TOP OF THE 3RD |
Penquannock Overrated Jeter batting - Pitching for Rio Grande Rattlesnake : RHP Chris Carpenter
|
Batting: LHB Roberto Trujillo
|
0-0: Swinging Strike 0-1: Foul Ball, location: 2F 0-2: Ball 1-2: Foul Ball, location: 2F 1-2: Ball 2-2: Strikes out swinging
|
Batting: LHB Ron Robinson
|
0-0: Called Strike 0-1: Called Strike 0-2: Ball 1-2: Ball 2-2: SINGLE (Groundball, 34)
|
Batting: LHB Pete Weber
|
0-0: Ball 1-0: Ball 2-0: Swinging Strike 2-1: SINGLE (Popup, 4D) Ron Robinson to second Runner from 2nd tries for 3rd, SAFE, throw made to third
|
Batting: LHB Tony Green
|
0-0: Called Strike 0-1: Ball 1-1: Ball 2-1: Ball 3-1: Called Strike 3-2: Foul Ball, location: 2F 3-2: Fly out, F2 (Popup, 2LF)
|
Batting: RHB Tim Hanson
|
0-0: Ball 1-0: SINGLE (Line Drive, 6MD) Ron Robinson scores Pete Weber to second Runner from 2nd tries for 3rd, SAFE, throw made to third
|
Batting: RHB Armando Pagán
|
0-0: Ball 1-0: Called Strike 1-1: Foul Ball, location: 2F 1-2: Strikes out swinging
|
Top of the 3rd over - 1 run(s), 3 hit(s), 0 error(s), 2 left on base; Penquannock 2 - Rio Grande 1 |
BOTTOM OF THE 3RD |
Rio Grande Rattlesnake batting - Pitching for Penquannock Overrated Jeter : LHP Héctor Díaz
|
Batting: RHB Doug Delaney
|
0-0: Called Strike 0-1: Ball 1-1: Ball 2-1: Called Strike 2-2: Strikes out swinging
|
Batting: RHB Juan López
|
0-0: Ball 1-0: Ball 2-0: Called Strike 2-1: Foul Ball, location: 2F 2-2: SINGLE (Line Drive, 9S)
|
Batting: SHB Douglas Taylor
|
0-0: Ball 1-0: Ball 2-0: Ball 3-0: Called Strike 3-1: Base on Balls Juan López to second
|
Batting: RHB Max Jones
|
0-0: Ball 1-0: Ball 2-0: Called Strike 2-1: Swinging Strike 2-2: Ball 3-2: DOUBLE (Flyball, 8RD) Juan López scores Douglas Taylor to third Runner from 3rd tries for Home, SAFE, no throw or cutoff
|
Batting: RHB Hollis Wood
|
0-0: Ball 1-0: Ball 2-0: Called Strike 2-1: Called Strike 2-2: Fly out, F8 (Flyball, 8RM) Runner from 2nd tags up, SAFE at 3rd with throw
|
Batting: RHB Joe Courtier
|
0-0: Ball 1-0: DOUBLE (Line Drive, 78M) Max Jones scores
|
Batting: RHB Jeff Bane
|
0-0: Called Strike 0-1: Called Strike 0-2: Foul Ball, location: 2F 0-2: SINGLE (Line Drive, 9S) Joe Courtier to third Runner from 3rd tries for Home, SAFE, throw made home Jeff Bane to second
|
Batting: RHB Maresuke Yoshida
|
0-0: Called Strike 0-1: Ball 1-1: Ball 2-1: Foul Ball, location: 2F 2-2: Ground out 5-3 (Groundball, 56)
|
Bottom of the 3rd over - 4 run(s), 4 hit(s), 0 error(s), 1 left on base; Penquannock 2 - Rio Grande 5 |
TOP OF THE 4TH |
Penquannock Overrated Jeter batting - Pitching for Rio Grande Rattlesnake : RHP Chris Carpenter
|
Batting: RHB Barton Frazier
|
0-0: Called Strike 0-1: Ball 1-1: Foul Ball, location: 2F 1-2: Foul Ball, location: 2F 1-2: Strikes out swinging
|
Batting: LHB Dave Pitts
|
0-0: Called Strike 0-1: Swinging Strike 0-2: Ball 1-2: Foul Ball, location: 2F 1-2: Ball 2-2: Ground out U3 (Groundball, 3S)
|
Batting: SHB Bob Noble
|
0-0: Fly out, F9 (Flyball, 89S)
|
Top of the 4th over - 0 run(s), 0 hit(s), 0 error(s), 0 left on base; Penquannock 2 - Rio Grande 5 |
BOTTOM OF THE 4TH |
Rio Grande Rattlesnake batting - Pitching for Penquannock Overrated Jeter : LHP Héctor Díaz
|
Batting: SHB Jeremy Holmes
|
0-0: Ball 1-0: Ball 2-0: Ball 3-0: Ground out 4-3 (Groundball, 4M)
|
Batting: RHB Doug Delaney
|
0-0: Foul Ball, location: 2F 0-1: Foul Ball, location: 2F 0-2: Ball 1-2: Ball 2-2: Ball 3-2: Foul Ball, location: 2F 3-2: Ground out 6-3 (Groundball, 6)
|
Batting: RHB Juan López
|
0-0: Ball 1-0: Ball 2-0: Ball 3-0: Swinging Strike 3-1: SINGLE (Flyball, 9LS)
|
Pitching: RHP Joaquín Rojas
|
|
Batting: SHB Douglas Taylor
|
0-0: Ball 1-0: Called Strike 1-1: Called Strike 1-2: SINGLE (Groundball, 34) Juan López to second Juan López to third
|
Batting: RHB Max Jones
|
0-0: Ball 1-0: Called Strike 1-1: Ball 2-1: Called Strike 2-2: Ball 3-2: Foul Ball, location: 2F 3-2: Ground out 5-3 (Groundball, 56)
|
Bottom of the 4th over - 0 run(s), 2 hit(s), 0 error(s), 2 left on base; Penquannock 2 - Rio Grande 5 |
TOP OF THE 5TH |
Penquannock Overrated Jeter batting - Pitching for Rio Grande Rattlesnake : RHP Chris Carpenter
|
Batting: LHB Roberto Trujillo
|
0-0: Called Strike 0-1: Foul Ball, location: 2F 0-2: Fly out, F8 (Flyball, 78M)
|
Batting: LHB Ron Robinson
|
0-0: Ball 1-0: Called Strike 1-1: Foul Ball, location: 2F 1-2: Foul Ball, location: 2F 1-2: Ground out U3 (Groundball, 3S)
|
Batting: LHB Pete Weber
|
0-0: Called Strike 0-1: Ground out U3 (Groundball, 3S)
|
Top of the 5th over - 0 run(s), 0 hit(s), 0 error(s), 0 left on base; Penquannock 2 - Rio Grande 5 |
BOTTOM OF THE 5TH |
Rio Grande Rattlesnake batting - Pitching for Penquannock Overrated Jeter : RHP Joaquín Rojas
|
Batting: RHB Hollis Wood
|
0-0: SINGLE (Flyball, 89S)
|
Batting: RHB Joe Courtier
|
0-0: Called Strike 0-1: Ball 1-1: Ball 2-1: Fielders Choice at 2nd, 4-6 (Groundball, 4)
|
Batting: RHB Jeff Bane
|
0-0: Called Strike 0-1: Called Strike Joe Courtier steals 2nd base 0-2: Foul Ball, location: 2F 0-2: DOUBLE (Line Drive, 9LS) Joe Courtier scores
|
Batting: RHB Maresuke Yoshida
|
0-0: Ball 1-0: Called Strike 1-1: Called Strike 1-2: Ball 2-2: Ball 3-2: DOUBLE (Line Drive, 8LXD) Jeff Bane scores
|
Batting: SHB Jeremy Holmes
|
0-0: Ball 1-0: Fly out, F7 (Popup, 56D)
|
Batting: RHB Doug Delaney
|
0-0: Foul Ball, location: 2F 0-1: Called Strike 0-2: Ground out 2-3 (Groundball, 2R)
|
Bottom of the 5th over - 2 run(s), 3 hit(s), 0 error(s), 1 left on base; Penquannock 2 - Rio Grande 7 |
TOP OF THE 6TH |
Penquannock Overrated Jeter batting - Pitching for Rio Grande Rattlesnake : RHP Chris Carpenter
|
Batting: LHB Tony Green
|
0-0: Called Strike 0-1: Ball 1-1: Swinging Strike 1-2: Ball 2-2: Strikes out swinging
|
Batting: RHB Tim Hanson
|
0-0: Called Strike 0-1: Ball 1-1: Ball 2-1: Foul Ball, location: 2F 2-2: Strikes out swinging
|
Batting: RHB Armando Pagán
|
0-0: Ball 1-0: Called Strike 1-1: Ball 2-1: Called Strike 2-2: Foul Ball, location: 2F 2-2: SINGLE (Flyball, 9S)
|
Pitching: RHP Jim Durham
|
|
Batting: RHB Barton Frazier
|
0-0: Ball 1-0: Ball 2-0: SINGLE (Line Drive, 78M) Armando Pagán to second Runner from 2nd tries for 3rd, SAFE, no throw or cutoff
|
Batting: LHB Dave Pitts
|
0-0: Ball 1-0: Ball 2-0: Swinging Strike 2-1: Ball 3-1: DOUBLE (Line Drive, 7LM) Armando Pagán scores Barton Frazier to third
|
Batting: SHB Bob Noble
|
0-0: Ball 1-0: Called Strike 1-1: Ground out 1-3 (Groundball, 13)
|
Top of the 6th over - 1 run(s), 3 hit(s), 0 error(s), 2 left on base; Penquannock 3 - Rio Grande 7 |
BOTTOM OF THE 6TH |
Rio Grande Rattlesnake batting - Pitching for Penquannock Overrated Jeter : RHP Joaquín Rojas
|
Batting: RHB Juan López
|
0-0: Ball 1-0: Ball 2-0: Fly out, F9 (Line Drive, 9M)
|
Batting: SHB Douglas Taylor
|
0-0: Ball 1-0: Foul Ball, location: 2F 1-1: Foul Ball, location: 2F 1-2: Foul Ball, location: 2F 1-2: Ball 2-2: Ball 3-2: Ground out 1-3 (Groundball, 23)
|
Batting: RHB Max Jones
|
0-0: SOLO HOME RUN (Line Drive, 7D), Distance : 362 ft
|
Batting: RHB Hollis Wood
|
0-0: Ball 1-0: SINGLE (Groundball, 56D)
|
Batting: RHB Joe Courtier
|
0-0: Called Strike 0-1: SINGLE (Line Drive, 7LS) Hollis Wood to second
|
Batting: RHB Jeff Bane
|
0-0: Swinging Strike 0-1: Ball 1-1: Ground out 4-3 (Groundball, 4)
|
Bottom of the 6th over - 1 run(s), 3 hit(s), 0 error(s), 2 left on base; Penquannock 3 - Rio Grande 8 |
TOP OF THE 7TH |
Penquannock Overrated Jeter batting - Pitching for Rio Grande Rattlesnake : RHP Jim Durham
|
Batting: LHB Roberto Trujillo
|
0-0: Called Strike 0-1: SOLO HOME RUN (Flyball, 8LXD), Distance : 410 ft
|
Batting: LHB Ron Robinson
|
0-0: Ball 1-0: Ball 2-0: Fly out, F6 (Line Drive, 6D)
|
Batting: LHB Pete Weber
|
0-0: Ball 1-0: Ball 2-0: Ball 3-0: Called Strike 3-1: Base on Balls
|
Batting: LHB Tony Green
|
0-0: Swinging Strike 0-1: Ball 1-1: Swinging Strike 1-2: Ball 2-2: Ball 3-2: Strikes out looking
|
Batting: RHB Tim Hanson
|
0-0: Foul Ball, location: 2F 0-1: Foul Ball, location: 2F 0-2: Ball 1-2: 2-RUN HOME RUN (Line Drive, 89XD), Distance : 396 ft
|
Pitching: RHP Adrián Mora
|
|
Batting: RHB Armando Pagán
|
0-0: Ball 1-0: Ball 2-0: Called Strike 2-1: Foul Ball, location: 2F 2-2: Ball 3-2: Strikes out swinging
|
Top of the 7th over - 3 run(s), 2 hit(s), 0 error(s), 0 left on base; Penquannock 6 - Rio Grande 8 |
BOTTOM OF THE 7TH |
Rio Grande Rattlesnake batting - Pitching for Penquannock Overrated Jeter : RHP Joaquín Rojas
|
Batting: RHB Maresuke Yoshida
|
0-0: Called Strike 0-1: Called Strike 0-2: Ball 1-2: Foul Ball, location: 2F 1-2: Strikes out looking
|
Batting: SHB Jeremy Holmes
|
0-0: Ball 1-0: Called Strike 1-1: Foul Ball, location: 2F 1-2: Ball 2-2: Ball 3-2: Strikes out swinging
|
Batting: RHB Doug Delaney
|
0-0: Called Strike 0-1: Hit by Pitch
|
Batting: RHB Juan López
|
0-0: Ball Doug Delaney steals 2nd base 1-0: SINGLE (Groundball, 6D) Doug Delaney to third Runner from 3rd tries for Home, SAFE, no throw or cutoff
|
Batting: SHB Douglas Taylor
|
0-0: Ball 1-0: Ground out 4-3 (Groundball, 4)
|
Bottom of the 7th over - 1 run(s), 1 hit(s), 0 error(s), 1 left on base; Penquannock 6 - Rio Grande 9 |
TOP OF THE 8TH |
Penquannock Overrated Jeter batting - Pitching for Rio Grande Rattlesnake : RHP Adrián Mora
|
Batting: RHB Barton Frazier
|
0-0: Called Strike 0-1: Foul Ball, location: 2F 0-2: SINGLE (Groundball, 4M)
|
Batting: LHB Dave Pitts
|
0-0: Foul Ball, location: 2F 0-1: 2-RUN HOME RUN (Flyball, 89XD), Distance : 371 ft
|
Batting: SHB Bob Noble
|
0-0: Ground out 3-1 (Groundball, 34)
|
Batting: LHB Roberto Trujillo
|
0-0: Foul Ball, location: 2F 0-1: Ball 1-1: Ball 2-1: Called Strike 2-2: Foul Ball, location: 2F 2-2: Strikes out swinging
|
Batting: LHB Ron Robinson
|
0-0: Ball 1-0: Foul Ball, location: 2F 1-1: Ball 2-1: Swinging Strike 2-2: Foul Ball, location: 2F 2-2: SINGLE (Line Drive, 6MD)
|
Batting: LHB Pete Weber
|
0-0: Ball 1-0: Foul Ball, location: 2F 1-1: SINGLE (Groundball, 4MD) Ron Robinson to second Runner from 2nd tries for 3rd, SAFE, throw made to third
|
Batting: LHB Tony Green
|
0-0: Called Strike 0-1: SINGLE (Groundball, 6MD) Ron Robinson scores Pete Weber to second Runner from 2nd tries for 3rd, SAFE, throw made to third
|
Pitching: RHP Juan Gutiérrez
|
|
Batting: RHB Tim Hanson
|
0-0: Foul Ball, location: 2F 0-1: Ball 1-1: Swinging Strike 1-2: Strikes out swinging
|
Top of the 8th over - 3 run(s), 5 hit(s), 0 error(s), 2 left on base; Penquannock 9 - Rio Grande 9 |
BOTTOM OF THE 8TH |
Rio Grande Rattlesnake batting - Pitching for Penquannock Overrated Jeter : RHP Joaquín Rojas
|
Batting: RHB Max Jones
|
0-0: Ball 1-0: Foul Ball, location: 2F 1-1: Fly out, F7 (Flyball, 7M)
|
Batting: RHB Hollis Wood
|
0-0: Ball 1-0: Ball 2-0: Foul Ball, location: 2F 2-1: Ball 3-1: Called Strike 3-2: Fly out, F7 (Flyball, 78D)
|
Pinch Hitting: SHB William Daly
|
0-0: Swinging Strike 0-1: Foul Ball, location: 2F 0-2: Strikes out looking
|
Bottom of the 8th over - 0 run(s), 0 hit(s), 0 error(s), 0 left on base; Penquannock 9 - Rio Grande 9 |
TOP OF THE 9TH |
Penquannock Overrated Jeter batting - Pitching for Rio Grande Rattlesnake : RHP Juan Gutiérrez
|
Pitching: RHP Brendan Green
|
|
Now in RF: William Daly
|
|
Pinch Hitting: LHB Matt Reese
|
0-0: Called Strike 0-1: Ball 1-1: Foul Ball, location: 2F 1-2: Ball 2-2: Fly out, F8 (Flyball, 8RD)
|
Batting: RHB Barton Frazier
|
0-0: Called Strike 0-1: Foul Ball, location: 2F 0-2: Ball 1-2: SINGLE (Groundball, 13S) (infield hit)
|
Batting: LHB Dave Pitts
|
0-0: Called Strike 0-1: SINGLE (Line Drive, 6MD) Barton Frazier to second
|
Batting: SHB Bob Noble
|
0-0: Ball 1-0: Fly out, F7 (Line Drive, 78M)
|
Batting: LHB Roberto Trujillo
|
0-0: Called Strike 0-1: Swinging Strike 0-2: Ball 1-2: Foul Ball, location: 2F 1-2: Foul Ball, location: 2F 1-2: Ball 2-2: Ball 3-2: Fly out, F8 (Line Drive, 8RM)
|
Top of the 9th over - 0 run(s), 2 hit(s), 0 error(s), 2 left on base; Penquannock 9 - Rio Grande 9 |
BOTTOM OF THE 9TH |
Rio Grande Rattlesnake batting - Pitching for Penquannock Overrated Jeter : RHP Joaquín Rojas
|
Pitching: RHP Javier González
|
|
Now in RF: Matt Reese
|
|
Batting: RHB Jeff Bane
|
0-0: Foul Ball, location: 2F 0-1: Fly out, F8 (Flyball, 8RM)
|
Pinch Hitting: RHB Billy Mullins
|
0-0: Called Strike 0-1: DOUBLE (Line Drive, 78M)
|
Pinch Hitting: SHB Ralph Robison
|
0-0: Intentional Walk
|
Batting: RHB Doug Delaney
|
0-0: Called Strike 0-1: Ball 1-1: Ball 2-1: Ball 3-1: Swinging Strike 3-2: Strikes out swinging
|
Batting: RHB Juan López
|
0-0: Called Strike 0-1: Called Strike 0-2: Strikes out swinging
|
Bottom of the 9th over - 0 run(s), 1 hit(s), 0 error(s), 2 left on base; Penquannock 9 - Rio Grande 9 |
TOP OF THE 10TH |
Penquannock Overrated Jeter batting - Pitching for Rio Grande Rattlesnake : RHP Brendan Green
|
Now at 2B: Billy Mullins
|
|
Now at SS: Alfred Jackson
|
|
Batting: LHB Ron Robinson
|
0-0: Called Strike 0-1: Foul Ball, location: 2F 0-2: Strikes out swinging
|
Batting: LHB Pete Weber
|
0-0: Fly out, F7 (Line Drive, 78XD)
|
Batting: LHB Tony Green
|
0-0: Ball 1-0: Ball 2-0: Fly out, F7 (Flyball, 78S)
|
Top of the 10th over - 0 run(s), 0 hit(s), 0 error(s), 0 left on base; Penquannock 9 - Rio Grande 9 |
BOTTOM OF THE 10TH |
Rio Grande Rattlesnake batting - Pitching for Penquannock Overrated Jeter : RHP Javier González
|
Pitching: RHP Richard Edwards
|
|
Batting: SHB Douglas Taylor
|
0-0: Called Strike 0-1: Hit by Pitch
|
Batting: RHB Max Jones
|
0-0: Fly out, F9 (Flyball, 9D)
|
Batting: RHB Hollis Wood
|
0-0: Called Strike 0-1: Swinging Strike 0-2: Foul Ball, location: 2F 0-2: Ball 1-2: Fly out, F9 (Flyball, 9D)
|
Batting: SHB William Daly
|
0-0: Ground out 4-3 (Groundball, 4)
|
Bottom of the 10th over - 0 run(s), 0 hit(s), 0 error(s), 1 left on base; Penquannock 9 - Rio Grande 9 |
TOP OF THE 11TH |
Penquannock Overrated Jeter batting - Pitching for Rio Grande Rattlesnake : RHP Brendan Green
|
Pitching: RHP Alberto Román
|
|
Batting: RHB Tim Hanson
|
0-0: Ball 1-0: Ball 2-0: Ball 3-0: Base on Balls
|
Batting: LHB Matt Reese
|
0-0: Ball Tim Hanson steals 2nd base 1-0: Swinging Strike 1-1: Ball 2-1: Ball 3-1: Swinging Strike 3-2: Foul Ball, location: 2F 3-2: Strikes out swinging
|
Batting: RHB Barton Frazier
|
0-0: Called Strike Tim Hanson steals 3rd base 0-1: Swinging Strike 0-2: Foul Ball, location: 2F 0-2: Fly out, F7 (Flyball, 78S)
|
Batting: LHB Dave Pitts
|
0-0: Ball 1-0: Called Strike 1-1: Ball 2-1: Ball 3-1: DOUBLE (Flyball, 8RXD) Tim Hanson scores
|
Batting: SHB Bob Noble
|
0-0: SINGLE (Groundball, 34D) Dave Pitts to third Runner from 3rd tries for Home, SAFE, no throw or cutoff
|
Batting: LHB Roberto Trujillo
|
0-0: Called Strike 0-1: Called Strike 0-2: Ball 1-2: Strikes out swinging
|
Top of the 11th over - 2 run(s), 2 hit(s), 0 error(s), 1 left on base; Penquannock 11 - Rio Grande 9 |
BOTTOM OF THE 11TH |
Rio Grande Rattlesnake batting - Pitching for Penquannock Overrated Jeter : RHP Richard Edwards
|
Batting: RHB Jeff Bane
|
0-0: Called Strike 0-1: Ball 1-1: Swinging Strike 1-2: Strikes out swinging
|
Batting: RHB Billy Mullins
|
0-0: Swinging Strike 0-1: Foul Ball, location: 2F 0-2: Ball 1-2: Ball 2-2: Ball 3-2: Foul Ball, location: 2F 3-2: DOUBLE (Line Drive, 7LD)
|
Pitching: RHP Frank Davis
|
|
Batting: LHB Alfred Jackson
|
0-0: Called Strike 0-1: Swinging Strike 0-2: Foul Ball, location: 2F 0-2: Strikes out swinging
|
Batting: RHB Doug Delaney
|
0-0: Called Strike 0-1: Ball 1-1: Foul Ball, location: 2F 1-2: Ball 2-2: Foul Ball, location: 2F 2-2: Strikes out looking
|
Bottom of the 11th over - 0 run(s), 1 hit(s), 0 error(s), 1 left on base; Penquannock 11 - Rio Grande 9 |
|